SL
D.C. DIVIDED @ ROCKY MOUNTAIN NUGGETS
05/27/2028
 
TOP OF THE 1ST
D.C. Divided batting - Pitching for Rocky Mountain Nuggets : LHP Rafael Rivera
Pitching: LHP Rafael Rivera
Batting: RHB Arturo Rodríguez 0-0: Ball
1-0: Ball
2-0: Called Strike
2-1: Ball
3-1: Called Strike
3-2: Base on Balls
Batting: RHB Tony Romero 0-0: Ball
1-0: Swinging Strike
1-1: Ball
2-1: Foul Ball, location: 2F
2-2: Ball
3-2: Strikes out looking
Batting: LHB Mike Gardner 0-0: Called Strike
0-1: Ball
1-1: 2-RUN HOME RUN (Flyball, 7LD), Distance : 361 ft
Batting: RHB Wilfred McLaughlin 0-0: Ball
1-0: Foul Ball, location: 2F
1-1: Fly out, F8 (Flyball, 8LD)
Batting: RHB Wilbur Davis 0-0: Ball
1-0: Called Strike
1-1: Foul Ball, location: 2F
1-2: Strikes out swinging
Top of the 1st over - 2 run(s), 1 hit(s), 0 error(s), 0 left on base; D.C. 2 - Rocky Mountain 0
BOTTOM OF THE 1ST
Rocky Mountain Nuggets batting - Pitching for D.C. Divided : RHP Aydin Aragvsky
Pitching: RHP Aydin Aragvsky
Batting: LHB Roberto Salazar 0-0: Swinging Strike
0-1: Swinging Strike
0-2: Ball
1-2: Hit by Pitch
Batting: RHB Andrés Rodríguez 0-0: Grounds into double play, 6-4-3 (Groundball, 6)
Batting: RHB Iván Vega 0-0: Ball
1-0: Foul Ball, location: 2F
1-1: Ball
2-1: Ground out 5-3 (Groundball, 56)
Bottom of the 1st over - 0 run(s), 0 hit(s), 0 error(s), 0 left on base; D.C. 2 - Rocky Mountain 0
TOP OF THE 2ND
D.C. Divided batting - Pitching for Rocky Mountain Nuggets : LHP Rafael Rivera
Batting: LHB Neil Lawson 0-0: Foul Ball, location: 2F
0-1: Foul Ball, location: 2F
0-2: Ball
1-2: Ball
2-2: Strikes out looking
Batting: RHB Mario Castillo 0-0: Called Strike
0-1: Ball
1-1: Swinging Strike
1-2: Ball
2-2: Foul Ball, location: 2F
2-2: Ball
3-2: Base on Balls
Batting: LHB Obidiah Lewis 0-0: Called Strike
0-1: Ball
1-1: Ground out 5-3 (Groundball, 56S)
Mario Castillo to second
Batting: RHB Julián Salcido 0-0: DOUBLE (Line Drive, 3D)
Mario Castillo scores
Batting: RHB Arturo Rodríguez 0-0: Ball
1-0: Ball
2-0: Ball
3-0: Base on Balls
Batting: RHB Tony Romero 0-0: Ball
1-0: Called Strike
1-1: Called Strike
1-2: Fly out, F5 (Popup, 5L)
Top of the 2nd over - 1 run(s), 1 hit(s), 0 error(s), 2 left on base; D.C. 3 - Rocky Mountain 0
BOTTOM OF THE 2ND
Rocky Mountain Nuggets batting - Pitching for D.C. Divided : RHP Aydin Aragvsky
Batting: LHB Javier Sánchez 0-0: Called Strike
0-1: Foul Ball, location: 2F
0-2: Ball
1-2: Strikes out swinging
Batting: RHB José Carlos Pérez 0-0: Ball
1-0: Called Strike
1-1: Ball
2-1: Called Strike
2-2: Ball
3-2: Foul Ball, location: 2F
3-2: Fly out, F8 (Flyball, 8LM)
Batting: LHB Chia-ch'ing Dodman 0-0: Ball
1-0: Ball
2-0: Foul Ball, location: 2F
2-1: Ball
3-1: Base on Balls
Batting: RHB Sergio Martínez 0-0: Ball
1-0: Fielders Choice at 2nd, 5-4 (Groundball, 5L)
Bottom of the 2nd over - 0 run(s), 0 hit(s), 0 error(s), 0 left on base; D.C. 3 - Rocky Mountain 0
TOP OF THE 3RD
D.C. Divided batting - Pitching for Rocky Mountain Nuggets : LHP Rafael Rivera
Batting: LHB Mike Gardner 0-0: Ball
1-0: Called Strike
1-1: Foul Ball, location: 2F
1-2: Ball
2-2: Ball
3-2: Strikes out looking
Batting: RHB Wilfred McLaughlin 0-0: Ball
1-0: Called Strike
1-1: Foul Ball, location: 2F
1-2: SINGLE (Groundball, 6M) (infield hit)
Batting: RHB Wilbur Davis 0-0: Ball
1-0: SINGLE (Groundball, 6D)
Wilfred McLaughlin to second
Batting: LHB Neil Lawson 0-0: SINGLE (Flyball, 8RS)
Wilfred McLaughlin to third
Wilbur Davis to second
Runner from 3rd tries for Home, SAFE, throw made home
Wilbur Davis to third
Neil Lawson to second
Batting: RHB Mario Castillo 0-0: Foul Ball, location: 2F
0-1: Ball
1-1: Ball
2-1: Fly out, F7 (Flyball, 78D)
Runner from 3rd tags up, SCORES, no throw
Batting: LHB Obidiah Lewis 0-0: Called Strike
0-1: Ball
1-1: Foul Ball, location: 2F
1-2: Ground out 4-3 (Groundball, 4)
Top of the 3rd over - 2 run(s), 3 hit(s), 0 error(s), 1 left on base; D.C. 5 - Rocky Mountain 0
BOTTOM OF THE 3RD
Rocky Mountain Nuggets batting - Pitching for D.C. Divided : RHP Aydin Aragvsky
Batting: RHB Luis Ríos 0-0: Ball
1-0: Called Strike
1-1: Fly out, F8 (Flyball, 8RM)
Batting: RHB Manuel Becerra 0-0: Ball
1-0: Foul Ball, location: 2F
1-1: Ball
2-1: Foul Ball, location: 2F
2-2: Strikes out swinging
Batting: LHB Roberto Salazar 0-0: Called Strike
0-1: Foul Ball, location: 2F
0-2: Ball
1-2: Ball
2-2: Ground out 5-3 (Groundball, 5D)
Bottom of the 3rd over - 0 run(s), 0 hit(s), 0 error(s), 0 left on base; D.C. 5 - Rocky Mountain 0
TOP OF THE 4TH
D.C. Divided batting - Pitching for Rocky Mountain Nuggets : LHP Rafael Rivera
Batting: RHB Julián Salcido 0-0: Called Strike
0-1: Ground out U3 (Groundball, 3S)
Batting: RHB Arturo Rodríguez 0-0: Ball
1-0: Foul Ball, location: 2F
1-1: Swinging Strike
1-2: Strikes out swinging
Batting: RHB Tony Romero 0-0: Ball
1-0: SINGLE (Line Drive, 34)
Batting: LHB Mike Gardner 0-0: Called Strike
0-1: DOUBLE (Line Drive, 9LM)
Tony Romero to third
Runner from 3rd tries for Home, SAFE, no throw
Batting: RHB Wilfred McLaughlin 0-0: Called Strike
0-1: Ball
1-1: Called Strike
1-2: Ball
2-2: Foul Ball, location: 2F
2-2: DOUBLE (Line Drive, 7LS)
Mike Gardner scores
Pitching: RHP Roberto Covas
Batting: RHB Wilbur Davis 0-0: Swinging Strike
0-1: Called Strike
0-2: Ground out 5-3 (Groundball, 56S)
Top of the 4th over - 2 run(s), 3 hit(s), 0 error(s), 1 left on base; D.C. 7 - Rocky Mountain 0
BOTTOM OF THE 4TH
Rocky Mountain Nuggets batting - Pitching for D.C. Divided : RHP Aydin Aragvsky
Batting: RHB Andrés Rodríguez 0-0: Foul Ball, location: 2F
0-1: Called Strike
0-2: Fly out, F9 (Line Drive, 9)
Batting: RHB Iván Vega 0-0: Fly out, F7 (Flyball, 7)
Batting: LHB Javier Sánchez 0-0: Ball
1-0: Called Strike
1-1: SINGLE (Line Drive, 9LS)
Batting: RHB José Carlos Pérez 0-0: Ball
1-0: Swinging Strike
1-1: Fielders Choice at 2nd, 6-4 (Groundball, 6)
Bottom of the 4th over - 0 run(s), 1 hit(s), 0 error(s), 0 left on base; D.C. 7 - Rocky Mountain 0
TOP OF THE 5TH
D.C. Divided batting - Pitching for Rocky Mountain Nuggets : RHP Roberto Covas
Batting: LHB Neil Lawson 0-0: Called Strike
0-1: Ball
1-1: Foul Ball, location: 2F
1-2: Strikes out swinging
Batting: RHB Mario Castillo 0-0: SINGLE (Flyball, 8LS)
Batting: LHB Obidiah Lewis 0-0: Called Strike
0-1: Ball
1-1: Called Strike
1-2: Strikes out looking
Batting: RHB Julián Salcido 0-0: Ball
1-0: SINGLE (Line Drive, 3)
Mario Castillo to second
Batting: RHB Arturo Rodríguez 0-0: Ball
1-0: Called Strike
1-1: Ball
2-1: Foul Ball, location: 2F
2-2: Ball
3-2: Foul Ball, location: 2F
3-2: Base on Balls
Mario Castillo to third
Julián Salcido to second
Batting: RHB Tony Romero 0-0: Ball
1-0: Called Strike
1-1: Fly out, F5 (Popup, 56S)
Top of the 5th over - 0 run(s), 2 hit(s), 0 error(s), 3 left on base; D.C. 7 - Rocky Mountain 0
BOTTOM OF THE 5TH
Rocky Mountain Nuggets batting - Pitching for D.C. Divided : RHP Aydin Aragvsky
Batting: LHB Chia-ch'ing Dodman 0-0: Foul Ball, location: 2F
0-1: Called Strike
0-2: Ball
1-2: Ground out 4-3 (Groundball, 4D)
Batting: RHB Sergio Martínez 0-0: Ball
1-0: DOUBLE (Line Drive, 7D)
Batting: RHB Luis Ríos 0-0: Ball
1-0: Ball
2-0: Called Strike
2-1: Hit by Pitch
Batting: RHB Manuel Becerra 0-0: Ball
1-0: Fly out, F8 (Line Drive, 8LM)
Batting: LHB Roberto Salazar 0-0: Ball
1-0: SINGLE (Groundball, 34D)
Sergio Martínez to third
Luis Ríos to second
Runner from 3rd tries for Home, SAFE, no throw
Batting: RHB Andrés Rodríguez 0-0: Ball
1-0: Ball
2-0: Fielders Choice at 2nd, 6-4 (Groundball, 6)
Bottom of the 5th over - 1 run(s), 2 hit(s), 0 error(s), 1 left on base; D.C. 7 - Rocky Mountain 1
TOP OF THE 6TH
D.C. Divided batting - Pitching for Rocky Mountain Nuggets : RHP Roberto Covas
Batting: LHB Mike Gardner 0-0: Fly out, F8 (Flyball, 8LS)
Batting: RHB Wilfred McLaughlin 0-0: Called Strike
0-1: Ball
1-1: Ball
2-1: Ball
3-1: Base on Balls
Batting: RHB Wilbur Davis 0-0: Called Strike
0-1: Called Strike
0-2: Ball
1-2: Ball
2-2: Ball
3-2: Fly out, F9 (Flyball, 9LS)
Batting: LHB Neil Lawson 0-0: Ball
1-0: Foul Ball, location: 2F
1-1: Ball
2-1: Called Strike
2-2: Ground out 5-3 (Groundball, 56S)
Top of the 6th over - 0 run(s), 0 hit(s), 0 error(s), 1 left on base; D.C. 7 - Rocky Mountain 1
BOTTOM OF THE 6TH
Rocky Mountain Nuggets batting - Pitching for D.C. Divided : RHP Aydin Aragvsky
Batting: RHB Iván Vega 0-0: Called Strike
0-1: Ball
1-1: Foul Ball, location: 2F
1-2: Foul Ball, location: 2F
1-2: Ground out 6-3 (Groundball, 56)
Batting: LHB Javier Sánchez 0-0: Fly out, F6 (Popup, 6)
Batting: RHB José Carlos Pérez 0-0: Ball
1-0: Foul Ball, location: 2F
1-1: Fly out, F3 (Line Drive, 34)
Bottom of the 6th over - 0 run(s), 0 hit(s), 0 error(s), 0 left on base; D.C. 7 - Rocky Mountain 1
TOP OF THE 7TH
D.C. Divided batting - Pitching for Rocky Mountain Nuggets : RHP Roberto Covas
Batting: RHB Mario Castillo 0-0: Ball
1-0: Called Strike
1-1: Foul Ball, location: 2F
1-2: Strikes out looking
Batting: LHB Obidiah Lewis 0-0: Foul Ball, location: 2F
0-1: Called Strike
0-2: Ball
1-2: Ball
2-2: Strikes out swinging
Batting: RHB Julián Salcido 0-0: Ball
1-0: Foul Ball, location: 2F
1-1: SINGLE (Line Drive, 4D)
Batting: RHB Arturo Rodríguez 0-0: Ball
Throwing error on steal attempt, E2
Julián Salcido to third
1-0: Ball
2-0: Called Strike
2-1: Ball
3-1: Base on Balls
Batting: RHB Tony Romero 0-0: Swinging Strike
0-1: Foul Ball, location: 2F
0-2: Ball
1-2: Strikes out swinging
Top of the 7th over - 0 run(s), 1 hit(s), 1 error(s), 2 left on base; D.C. 7 - Rocky Mountain 1
BOTTOM OF THE 7TH
Rocky Mountain Nuggets batting - Pitching for D.C. Divided : RHP Aydin Aragvsky
Batting: LHB Chia-ch'ing Dodman 0-0: Called Strike
0-1: Ball
1-1: Swinging Strike
1-2: Ground out 4-3 (Groundball, 4)
Batting: RHB Sergio Martínez 0-0: Called Strike
0-1: Ball
1-1: Swinging Strike
1-2: Ball
2-2: Strikes out looking
Batting: RHB Luis Ríos 0-0: Ball
1-0: Ball
2-0: Ball
3-0: Foul Ball, location: 2F
3-1: Base on Balls
Batting: RHB Manuel Becerra 0-0: Called Strike
0-1: Foul Ball, location: 2F
0-2: Strikes out swinging
Bottom of the 7th over - 0 run(s), 0 hit(s), 0 error(s), 1 left on base; D.C. 7 - Rocky Mountain 1
TOP OF THE 8TH
D.C. Divided batting - Pitching for Rocky Mountain Nuggets : RHP Roberto Covas
Pitching: RHP Dennis Brown
Batting: LHB Mike Gardner 0-0: Ball
1-0: SOLO HOME RUN (Flyball, 89XD), Distance : 431 ft
Batting: RHB Wilfred McLaughlin 0-0: SINGLE (Flyball, 8LS)
Batting: RHB Wilbur Davis 0-0: Ball
1-0: Called Strike
1-1: Ball
2-1: Ball
3-1: 2-RUN HOME RUN (Flyball, 7D), Distance : 392 ft
Batting: LHB Neil Lawson 0-0: Swinging Strike
0-1: Ball
1-1: Foul Ball, location: 2F
1-2: Fly out, F9 (Line Drive, 89M)
Batting: RHB Mario Castillo 0-0: DOUBLE (Line Drive, 78XD)
Batting: LHB Obidiah Lewis 0-0: Ball
1-0: Called Strike
1-1: Ball
2-1: Called Strike
2-2: Strikes out swinging
Batting: RHB Julián Salcido 0-0: Ball
1-0: Foul Ball, location: 2F
1-1: Fly out, F8 (Flyball, 8RM)
Top of the 8th over - 3 run(s), 4 hit(s), 0 error(s), 1 left on base; D.C. 10 - Rocky Mountain 1
BOTTOM OF THE 8TH
Rocky Mountain Nuggets batting - Pitching for D.C. Divided : RHP Aydin Aragvsky
Batting: LHB Roberto Salazar 0-0: Ball
1-0: Foul Ball, location: 2F
1-1: Foul Ball, location: 2F
1-2: Ball
2-2: Ball
3-2: SINGLE (Groundball, 56D)
Batting: RHB Andrés Rodríguez 0-0: Foul Ball, location: 2F
0-1: Ball
1-1: Foul Ball, location: 2F
1-2: TRIPLE (Line Drive, 89XD)
Roberto Salazar scores
Batting: RHB Iván Vega 0-0: Ball
1-0: Foul Ball, location: 2F
1-1: Foul Ball, location: 2F
1-2: Ball
2-2: Fly out, F9 (Flyball, 9LM)
Runner from 3rd tags up, SCORES, no throw
Batting: LHB Javier Sánchez 0-0: Ball
1-0: Ball
2-0: Called Strike
2-1: Ball
3-1: Foul Ball, location: 2F
3-2: Base on Balls
Pitching: RHP Ángel Ruíz
Batting: RHB José Carlos Pérez 0-0: Ball
1-0: Swinging Strike
1-1: Called Strike
1-2: Strikes out looking
Batting: LHB Chia-ch'ing Dodman 0-0: Ball
1-0: Ball
2-0: Called Strike
2-1: Fly out, F9 (Flyball, 89M)
Bottom of the 8th over - 2 run(s), 2 hit(s), 0 error(s), 1 left on base; D.C. 10 - Rocky Mountain 3
TOP OF THE 9TH
D.C. Divided batting - Pitching for Rocky Mountain Nuggets : RHP Dennis Brown
Batting: RHB Arturo Rodríguez 0-0: Ball
1-0: Ball
2-0: Ground out 1-3 (Groundball, 13)
Batting: RHB Tony Romero 0-0: Ball
1-0: Fly out, F8 (Flyball, 89M)
Batting: LHB Mike Gardner 0-0: Ball
1-0: Swinging Strike
1-1: Ball
2-1: Ball
3-1: Foul Ball, location: 2F
3-2: Base on Balls
Batting: RHB Wilfred McLaughlin 0-0: Ball
1-0: Foul Ball, location: 2F
1-1: Ball
2-1: Called Strike
2-2: Ball
3-2: Fly out, F4 (Line Drive, 4)
Top of the 9th over - 0 run(s), 0 hit(s), 0 error(s), 1 left on base; D.C. 10 - Rocky Mountain 3
BOTTOM OF THE 9TH
Rocky Mountain Nuggets batting - Pitching for D.C. Divided : RHP Ángel Ruíz
Batting: RHB Sergio Martínez 0-0: Ball
1-0: Swinging Strike
1-1: Fly out, F8 (Flyball, 8LM)
Batting: RHB Luis Ríos 0-0: Swinging Strike
0-1: Ball
1-1: Ball
2-1: Swinging Strike
2-2: Foul Ball, location: 2F
2-2: Ball
3-2: Ground out 4-3 (Groundball, 4)
Batting: RHB Manuel Becerra 0-0: Ball
1-0: Called Strike
1-1: Ball
2-1: Ball
3-1: Foul Ball, location: 2F
3-2: Base on Balls
Batting: LHB Roberto Salazar 0-0: Foul Ball, location: 2F
0-1: Ball
1-1: Ball
2-1: Ball
3-1: Ground out 3-1 (Groundball, 34S)
Bottom of the 9th over - 0 run(s), 0 hit(s), 0 error(s), 1 left on base; D.C. 10 - Rocky Mountain 3
Friday, July 14th, 2017 - OOTP Baseball 17.12 Build 75